 Dungeon Crawl Stone Soup version 0.17.0-24-gcfadda4 (webtiles) character file.

412 Ohshi the Conjurer (level 6, -4/32 HPs)
             Began as a Deep Elf Conjurer on Nov 17, 2015.
             Was an Initiate of Sif Muna.
             Slain by a sky beast (5 damage)
             ... on level 5 of the Dungeon.
             The game lasted 00:19:42 (3328 turns).

Ohshi the Conjurer (Deep Elf Conjurer)              Turns: 3328, Time: 00:19:42

Health: -4/32      AC:  2    Str:  5    XL:     6   Next: 59%
Magic:  5/17       EV:  9    Int: 22    God:    Sif Muna [......]
Gold:   253        SH:  0    Dex: 15    Spells: 4 memorised, 7 levels left

rFire  . . .     SeeInvis .     q - +0 short sword (elec)
rCold  + . .     Clarity  .     a - +0 robe
rNeg   . . .     SustAt   .     (no shield)
rPois  .         Gourm    .     (no helmet)
rElec  .         Spirit   .     (no cloak)
rCorr  .         Warding  .     (no gloves)
rMut   .         Stasis   .     (no boots)
MR     +....                    (no amulet)
Stlth  ++........               h - ring of protection from cold
                                m - ring of protection from magic

@: somewhat resistant to hostile enchantments, unstealthy
A: no striking features
a: Renounce Religion


You were on level 5 of the Dungeon.
You worshipped Sif Muna.
Sif Muna was noncommittal.
You were not hungry.

You visited 1 branch of the dungeon, and saw 5 of its levels.

You collected 253 gold pieces.

Inventory:

Hand Weapons
 q - a +0 short sword of electrocution (weapon)
Armour
 a - a +0 robe (worn)
Jewellery
 h - a ring of protection from cold (right hand)
 m - a ring of protection from magic (left hand)
Scrolls
 e - 2 scrolls of remove curse
 f - a scroll of amnesia {unknown}
 k - a scroll of magic mapping {unknown}
 n - a scroll of immolation {unknown}
 p - 3 scrolls of identify {unknown}
 u - a scroll of blinking {unknown}
 x - a scroll of enchant armour {unknown}
Potions
 c - 2 potions of magic {unknown}
 d - 3 potions of curing {unknown}
 g - a potion of cure mutation {unknown}
 i - 2 potions of might {unknown}
 j - 2 potions of ambrosia {unknown}
 o - a potion of agility {unknown}
 s - 2 potions of heal wounds {unknown}
 v - a potion of poison {unknown}
Books
 b - a book of Conjurations

   Spells                             Type                      Level
   a - Magic Dart                     Conjuration                  1
   b - Searing Ray                    Conjuration                  2
   c - Dazzling Spray                 Conjuration/Hexes            3
   d - Fulminant Prism                Conjuration/Hexes            4
   e - Iskenderun's Mystic Blast      Conjuration                  4
   f - Iskenderun's Battlesphere      Conjuration/Charms           5
Comestibles
 l - a slice of pizza
 r - 2 beef jerkies
 t - 3 meat rations
 w - a royal jelly
 z - a bread ration


   Skills:
 + Level 0.2 Fighting
 + Level 3.7 Dodging
 + Level 3.3 Stealth
 + Level 6.0 Spellcasting
 + Level 6.6 Conjurations


You had 7 spell levels left.
You knew the following spells:

 Your Spells              Type           Power        Failure   Level  Hunger
a - Magic Dart            Conj           ####         1%          1    None
b - Searing Ray           Conj           #####.       1%          2    None
c - Dazzling Spray        Conj/Hex       ###.....     10%         3    #......
d - Iskenderun's Mystic   Conj           #####...     8%          4    ###....


Dungeon Overview and Level Annotations

Branches:
Dungeon (5/15)
 Temple: D:4-7

Altars:
Ashenzari
Elyvilon
Qazlal
Sif Muna


Message History

Press: ? - help, Shift-Dir - straight line, f/p - sky beast
Aim: a sky beast (moderately wounded)
The searing ray hits the sky beast.
The sky beast is moderately wounded.
The sky beast flickers out of sight!
Deactivating autopickup; reactivate with Ctrl-A.
The searing ray hits something.
The searing ray hits something.
Something hits you. Something shocks you. Something barely misses you.
Something hits you. Something shocks you.
You see here a jackal corpse.
Something hits you.
* * * LOW HITPOINT WARNING * * *
Something shocks you.
* * * LOW HITPOINT WARNING * * *
There is a stone staircase leading up here.
Something hits you.
* * * LOW HITPOINT WARNING * * *
Something shocks you.
You die...

.### ....
... ##.###
#.... #).##
#...# #†..#
#@..# ##.##
.... #.###
#.# #.#
#......# .#
#..$...+ .#
#####).....#
.......g...


There were no monsters in sight!

Vanquished Creatures
  An ogre (D:4)
  A scorpion (D:4)
  A giant frog skeleton (D:4)
  An orc priest (D:3)
  A worker ant (D:4)
  5 gnolls
  2 adders
  An ooze (D:1)
  An adder skeleton (D:4)
  5 worms
  6 giant geckos
  5 orcs
  2 ball pythons (D:3)
  7 bats
  2 giant cockroaches
  3 goblins
  9 hobgoblins
  9 kobolds
  A quokka (D:2)
  7 giant newts
  13 jackals
  A quokka skeleton (D:4)
  11 rats
95 creatures vanquished.

Notes
Turn   | Place    | Note
--------------------------------------------------------------
     0 | D:1      | Ohshi the Deep Elf Conjurer began the quest for the Orb.
     0 | D:1      | Reached XP level 1. HP: 10/10 MP: 6/6
   170 | D:1      | Reached XP level 2. HP: 10/15 MP: 5/8
   416 | D:1      | Reached skill level 5 in Conjurations
   498 | D:1      | Learned a level 2 spell: Searing Ray
   536 | D:1      | Reached XP level 3. HP: 16/19 MP: 5/9
   541 | D:1      | Learned a level 3 spell: Dazzling Spray
   797 | D:2      | Found a shattered altar of Ashenzari.
  1443 | D:2      | Reached XP level 4. HP: 24/24 MP: 4/11
  1759 | D:3      | Found a deep blue altar of Sif Muna.
  1867 | D:3      | Became a worshipper of Sif Muna the Loreminder
  1944 | D:3      | Reached XP level 5. HP: 28/28 MP: 2/14
  2046 | D:3      | Reached skill level 5 in Spellcasting
  2155 | D:3      | Learned a level 4 spell: Iskenderun's Mystic Blast
  2543 | D:4      | Reached skill level 6 in Conjurations
  2599 | D:4      | Noticed an ogre
  2608 | D:4      | Killed an ogre
  2608 | D:4      | Reached XP level 6. HP: 32/32 MP: 1/16
  2897 | D:4      | Found a white marble altar of Elyvilon.
  2936 | D:4      | Found a stormy altar of Qazlal.
  3241 | D:5      | Entered Level 5 of the Dungeon
  3328 | D:5      | HP: 1/32 [something (2)]
  3328 | D:5      | Slain by a sky beast

Action                   |  1- 3 |  4- 6 || total
-------------------------+-------+-------++-------
Melee: Dagger            |    16 |    26 ||    42
 Cast: Magic Dart        |    79 |    95 ||   174
       Searing Ray       |     4 |     7 ||    11
       Iskenderun's Myst |       |     5 ||     5
       Dazzling Spray    |       |     2 ||     2
  Use: Scroll            |       |     5 ||     5
  Eat: Bread ration      |       |     2 ||     2
